 Dungeon Sprint DCSS version 0.27.1-1-g398f81649c (webtiles) character file.

Game seed: 3395251778346457410

19945 ugugthedestroyer the Wrestler (level 12, -8/130 HPs)
             Began as a Troll Monk on Sept 7, 2021.
             Was the Champion of Yredelemnul.
             Succumbed to poison (poison gas)
             ... in the Dungeon (Sprint VII: "The Pits").
             The game lasted 00:12:58 (1564 turns).

ugugthedestroyer the Wrestler (Troll Monk)          Turns: 1564, Time: 00:12:59

Health: -8/130     AC:  7    Str: 29    XL:     12   Next: 41%
Magic:  19/19      EV: 17    Int:  6    God:    Yredelemnul [******]
Gold:   39         SH:  0    Dex: 12    Spells: 11/11 levels left

rFire    . . .     SeeInvis .     - Unarmed
rCold    . . .     Faith    .   (no shield)
rNeg     . . .     Spirit   .   a - +2 robe
rPois    .         Reflect  .   (helmet restricted)
rElec    .         Harm     .   m - +0 cloak
rCorr    .         Rampage  .   (gloves unavailable)
Will     .....     NoTele   +   (boots unavailable)
Stlth    +++.......             (no amulet)
HPRegen  1.31/turn              k - +3 ring of strength
MPRegen  0.16/turn              l - +3 ring of evasion

@: lethally poisoned (-8 -> -83), wreathed by umbra
A: large, unfitting armour, claws 3, regeneration 1, shaggy fur 1, tough skin 1
a: Renounce Religion, Recall Undead Slaves, Injury Mirror, Animate Dead, Drain
Life, Enslave Soul


You were in the Dungeon.
You worshipped Yredelemnul.
Yredelemnul was exalted by your worship.
You visited 1 branch You collected 39 gold pieces.

Inventory:

Armour
 a - a +2 robe (worn)
 m - a +0 cloak (worn)
Jewellery
 k - a +3 ring of strength (left claw)
 l - a +3 ring of evasion (right claw)
 r - a ring of see invisible
 u - a ring of willpower
Wands
 n - a wand of mindburst (14)
Scrolls
 g - 5 scrolls of blinking
 i - 6 scrolls of amnesia
 j - a scroll of summoning
 o - a scroll of identify
 p - a scroll of fog
 s - 2 scrolls of enchant weapon
Potions
 b - 9 potions of curing
 c - 6 potions of heal wounds
 d - a potion of haste
 e - 4 potions of magic
 f - 6 potions of berserk rage
 h - 2 potions of invisibility
 q - a potion of brilliance
 t - a potion of resistance


   Skills:
 + Level 11.5 Fighting
 + Level 12.3 Dodging
 - Level 1.0 Stealth
 + Level 21.4 Unarmed Combat
 + Level 10.8 Invocations


You had 11 spell levels left.
You didn't know any spells.
Your spell library was empty.

Dungeon Overview and Level Annotations

Branches:
Dungeon (1/1)

Altars:
Ashenzari
Cheibriados
Dithmenos
Elyvilon
Fedhas
Gozag
Hepliaklqana
Kikubaaqudgha
Makhleb
Nemelex Xobeh
Okawaru
Qazlal
Ru
Sif Muna
Trog
Uskayaw
Vehumet
Wu Jian
Xom
Yredelemnul
Zin
The Shining One
Beogh
Jiyva
Lugonu


Innate Abilities, Weirdness & Mutations

You are too large for most types of armour.
You have claws for hands.
Your natural rate of healing is unusually fast.
You are covered in fur. (AC +1)
You have tough skin. (AC +1)


Message History

Your profane servitor hits the green draconian with a +3 demon whip.
Your profane servitor draws strength from the green draconian's injuries!
Your profane servitor closely misses the green draconian.
You barely miss the green draconian.
The green draconian is severely wounded.
You are engulfed in poison gas.
You are more poisoned.
You feel extremely sick.
A deep elf sorcerer comes into view. It is wielding a +0 dagger.
Your profane servitor hits the sphinx with a +2 whip of freezing!
Your profane servitor draws strength from the sphinx's injuries!
Your profane servitor freezes the sphinx.
Your profane servitor hits the sphinx with a +2 whip of freezing.
Your profane servitor freezes the sphinx.
The green draconian hits you with a +0 flail!!
* * * LOW HITPOINT WARNING * * *
The green draconian tail-slaps you.
* * * LOW HITPOINT WARNING * * *
A hell knight comes into view. It is wielding a +3 great mace.
The hell knight casts a spell.
The hell knight seems to speed up.
The necromancer casts a spell.
The necromancer flickers and vanishes!
Deactivating autopickup; reactivate with Ctrl-A.
The sphinx is engulfed in poison gas.
The sphinx is poisoned.
The sphinx hits you!
* * * LOW HITPOINT WARNING * * *
The sphinx barely misses you. The sphinx misses you.
The necromancer hits your profane servitor with a +0 dagger.
Your profane servitor hits the green draconian with a +3 demon whip!!
Your profane servitor draws strength from the green draconian's injuries!
Your profane servitor hits the green draconian with a +3 demon whip!
Your profane servitor drains the green draconian.
The green draconian dies!
Yredelemnul accepts your kill.
Found a book of the Warp.
You are engulfed in poison gas.
You are more poisoned.
* * * LOW HITPOINT WARNING * * *
You die...
Your body rises from the dead as a mindless zombie.

ZZZ..))..)zWzV.#..#
.....#....ZzZ..#Z.#
..####.##'###Z##n.#
###((#V#[[#[zZ[#.Z#
#(('Z#AW#[[[[#°.#
##############°○#
####ZZ#


#ppA○A# .depp#H@## ..{. ##.:# ... ..## # ##.: q.: .L:# ..:# ##.:# You could see
a black draconian monk, a sphinx (poisoned, ally target), a lich, a hell knight
(fast), a necromancer, 2 friendly profane servitors, a friendly ghoul, 2
friendly blink frog zombies and 2 friendly orc knight zombies.

Vanquished Creatures
  A shadow wraith (D)
  A swamp dragon (D)
  3 elephants (D)
  Maurice (D)
  A black mamba (D)
  A rust devil (D)
  A cane toad (D)
  A rime drake (D)
  An ice devil (D)
  A freezing wraith (D)
  2 merfolk (D)
  A flying skull (D)
  A yak (D)
  A wraith (D)
  2 floating eyes (D)
  An ice beast (D)
  A sky beast (D)
  A necrophage (D)
  An ogre (D)
  A small abomination (D)
  A quasit (D)
  An orc priest (D)
  Jessica (D)
  2 orc wizards (D)
  5 gnolls (D)
  A river rat (D)
  2 white imps (D)
  An adder skeleton (D)
  An orc (D)
  A bat zombie (D)
  2 endoplasms (D)
  A hobgoblin (D)
  A jackal (D)
  2 kobolds (D)
  2 quokkas (D)
48 creatures vanquished.

Vanquished Creatures (collateral kills)
  2 orc warlords (D)
  A green draconian (D)
  A boulder beetle (D)
  4 naga warriors (D)
  3 vault guards (D)
  A death knight (D)
  An anaconda (shapeshifter) (D)
  A two-headed ogre (D)
  7 hell knights (D)
  4 skeletal warriors (D)
  A flayed ghost (D)
  A sea snake (D)
  2 necromancers (D)
  12 orc knights (D)
  An eye of devastation (D)
  A freezing wraith (D)
  A red devil (D)
  A tyrant leech (D)
  A hornet (D)
  10 blink frogs (D)
  4 redbacks (D)
  A tarantella (D)
  A spriggan (D)
  A basilisk (D)
  2 yaks (D)
  Menkaure (D)
  2 vampire mosquitoes (D)
  An orc warrior (D)
  An ice beast (D)
  A phantom (D)
  A gnoll sergeant (D)
  A small abomination (D)
  A gnoll shaman (D)
  2 orc priests (D)
  A jelly (D)
  An iron imp (D)
  An orc wizard (D)
  6 gnolls (D)
  A river rat (D)
  A white imp (D)
  An adder zombie (D)
  An adder skeleton (D)
  4 orcs (D)
  A bat skeleton (D)
  A hobgoblin (D)
  A jackal (D)
  A ball python simulacrum (D)
  A ball python skeleton (D)
  A bat simulacrum (D)
  A frilled lizard (D)
100 creatures vanquished.

Vanquished Creatures (others)
  2 profane servitors (D)
  2 ghouls (D)
  4 vampire knights (D)
  A skeletal warrior (D)
  3 flayed ghosts (D)
  5 phantasmal warriors (D)
  3 flying skulls (D)
  4 wraiths (D)
  3 vampires (D)
  2 wights (D)
  3 mummies (D)
  A sky beast zombie (D)
  2 gnoll zombies (D)
  2 hobgoblin zombies (D)
  A kobold zombie (D)
38 creatures vanquished.

Grand Total: 186 creatures vanquished

Notes
Turn   | Place    | Note
-------+----------+-------------------------------------------
     0 | D        | ugugthedestroyer the Troll Monk began the quest for the
                  | Orb.
     0 | D        | Reached XP level 1. HP: 22/22 MP: 0/0
    51 | D        | Found a bloodstained altar of Trog.
    51 | D        | Found a shimmering blue altar of Sif Muna.
    51 | D        | Found a viscous altar of Jiyva.
    51 | D        | Found a hazy altar of Hepliaklqana.
    51 | D        | Found an opulent altar of Gozag.
    52 | D        | Found a glowing golden altar of the Shining One.
    52 | D        | Found a glowing silver altar of Zin.
    52 | D        | Found a basalt altar of Yredelemnul.
    52 | D        | Found a shimmering altar of Xom.
    52 | D        | Found an ornate altar of the Wu Jian Council.
    52 | D        | Found a sacrificial altar of Ru.
    52 | D        | Found a stormy altar of Qazlal.
    52 | D        | Found an iron altar of Okawaru.
    52 | D        | Found a sparkling altar of Nemelex Xobeh.
    52 | D        | Found a burning altar of Makhleb.
    52 | D        | Found a blossoming altar of Fedhas.
    52 | D        | Found a white marble altar of Elyvilon.
    52 | D        | Found a shadowy altar of Dithmenos.
    52 | D        | Found a snail-covered altar of Cheibriados.
    54 | D        | Found a radiant altar of Vehumet.
    54 | D        | Found a corrupted altar of Lugonu.
    55 | D        | Found a hide-covered altar of Uskayaw.
    55 | D        | Found an ancient bone altar of Kikubaaqudgha.
    55 | D        | Found a broken altar of Ashenzari.
    59 | D        | Became a worshipper of Yredelemnul the Dark
    59 | D        | Reached * piety under Yredelemnul
    59 | D        | Reached ** piety under Yredelemnul
    78 | D        | Reached skill level 4 in Unarmed Combat
    78 | D        | Reached XP level 2. HP: 29/31 MP: 1/1
    90 | D        | Noticed a floating eye
    94 | D        | Killed a floating eye
    94 | D        | Reached *** piety under Yredelemnul
    95 | D        | Reached skill level 5 in Fighting
    95 | D        | Reached skill level 5 in Dodging
    95 | D        | Reached skill level 6 in Unarmed Combat
    95 | D        | Reached XP level 3. HP: 42/42 MP: 2/2
    95 | D        | Reached XP level 4. HP: 50/50 MP: 3/3
   108 | D        | Reached **** piety under Yredelemnul
   171 | D        | Noticed an ice beast
   176 | D        | Noticed a necrophage
   179 | D        | Received a gift from Yredelemnul (a mummy)
   180 | D        | Reached skill level 7 in Unarmed Combat
   180 | D        | Reached XP level 5. HP: 27/57 MP: 4/4
   184 | D        | Killed an ice beast
   185 | D        | Reached skill level 8 in Unarmed Combat
   186 | D        | Received a gift from Yredelemnul (a mummy)
   194 | D        | Reached ***** piety under Yredelemnul
   197 | D        | Killed a necrophage
   197 | D        | Received a gift from Yredelemnul (a mummy)
   197 | D        | Received a gift from Yredelemnul (a wraith)
   198 | D        | Reached skill level 9 in Unarmed Combat
   198 | D        | Reached skill level 1 in Invocations
   198 | D        | Reached XP level 6. HP: 20/68 MP: 5/5
   210 | D        | Noticed Jessica
   215 | D        | Killed Jessica
   215 | D        | Received a gift from Yredelemnul (a wight)
   218 | D        | Reached skill level 10 in Unarmed Combat
   262 | D        | Reached XP level 7. HP: 78/78 MP: 5/7
   269 | D        | Noticed a spriggan rider
   272 | D        | Received a gift from Yredelemnul (a wight)
   288 | D        | Killed a hornet
   288 | D        | Reached ****** piety under Yredelemnul
   289 | D        | Received a gift from Yredelemnul (a vampire)
   289 | D        | Reached skill level 11 in Unarmed Combat
   291 | D        | Killed a spriggan
   397 | D        | Noticed a cane toad
   401 | D        | Killed a cane toad
   401 | D        | Received a gift from Yredelemnul (a vampire)
   402 | D        | Reached skill level 12 in Unarmed Combat
   402 | D        | Reached XP level 8. HP: 88/88 MP: 8/8
   418 | D        | Noticed a rime drake
   419 | D        | Noticed a flying skull
   421 | D        | Killed a rime drake
   423 | D        | Killed a flying skull
   423 | D        | Received a gift from Yredelemnul (a wraith)
   423 | D        | Received a gift from Yredelemnul (3 flying skulls)
   424 | D        | Reached skill level 13 in Unarmed Combat
   440 | D        | Noticed a merfolk
   450 | D        | Killed a merfolk
   502 | D        | Noticed a merfolk
   514 | D        | Killed a merfolk
   544 | D        | Reached skill level 14 in Unarmed Combat
   549 | D        | Received a gift from Yredelemnul (a wraith)
   586 | D        | Noticed an elephant
   586 | D        | Noticed an elephant
   586 | D        | Noticed an elephant
   587 | D        | Noticed Maurice
   592 | D        | Killed an elephant
   593 | D        | Reached XP level 9. HP: 55/97 MP: 10/10
   596 | D        | Killed an elephant
   597 | D        | Reached skill level 15 in Unarmed Combat
   599 | D        | Killed an elephant
   599 | D        | Received a gift from Yredelemnul (a wraith)
   608 | D        | Killed Maurice
   608 | D        | Received a gift from Yredelemnul (a vampire)
   613 | D        | Reached skill level 16 in Unarmed Combat
   635 | D        | Noticed a flayed ghost
   646 | D        | Killed a flayed ghost
   647 | D        | Received a gift from Yredelemnul (a wraith)
   651 | D        | Noticed a rust devil
   652 | D        | Noticed a black mamba
   658 | D        | Killed a rust devil
   661 | D        | Received a gift from Yredelemnul (a ghoul)
   662 | D        | Reached XP level 10. HP: 56/107 MP: 12/12
   664 | D        | Killed a black mamba
   665 | D        | Reached skill level 5 in Invocations
   679 | D        | Received a gift from Yredelemnul (a skeletal warrior)
   683 | D        | HP: 4/107 [tyrant leech (11)]
   687 | D        | Reached skill level 17 in Unarmed Combat
   763 | D        | Noticed Menkaure
   765 | D        | Noticed a boulder beetle
   771 | D        | Killed Menkaure
   772 | D        | Received a gift from Yredelemnul (a vampire knight)
   772 | D        | Noticed an eye of devastation
   781 | D        | Received a gift from Yredelemnul (a phantasmal warrior)
   781 | D        | Noticed a sea snake
   785 | D        | Received a gift from Yredelemnul (a ghoul)
   786 | D        | Killed a boulder beetle
   787 | D        | Received a gift from Yredelemnul (a profane servitor)
   787 | D        | Received a gift from Yredelemnul (a vampire)
   796 | D        | Killed a sea snake
   797 | D        | Received a gift from Yredelemnul (a profane servitor)
   798 | D        | Killed an eye of devastation
   799 | D        | Received a gift from Yredelemnul (a skeletal warrior)
   841 | D        | Reached skill level 10 in Dodging
   847 | D        | Received a gift from Yredelemnul (a profane servitor)
   847 | D        | Reached skill level 18 in Unarmed Combat
   849 | D        | Received a gift from Yredelemnul (a phantasmal warrior)
   849 | D        | Reached skill level 10 in Fighting
   852 | D        | Received a gift from Yredelemnul (a flayed ghost)
  1018 | D        | Received a gift from Yredelemnul (a skeletal warrior)
  1069 | D        | Noticed a two-headed ogre
  1077 | D        | Received a gift from Yredelemnul (a vampire knight)
  1077 | D        | Received a gift from Yredelemnul (a vampire knight)
  1080 | D        | Killed a two-headed ogre
  1081 | D        | Reached XP level 11. HP: 118/118 MP: 13/15
  1098 | D        | Noticed a skeletal warrior
  1101 | D        | Noticed a skeletal warrior
  1101 | D        | Noticed a skeletal warrior
  1109 | D        | Killed a skeletal warrior
  1110 | D        | Received a gift from Yredelemnul (a phantasmal warrior)
  1110 | D        | Killed a skeletal warrior
  1113 | D        | Killed a skeletal warrior
  1120 | D        | Noticed a skeletal warrior
  1127 | D        | Killed a skeletal warrior
  1128 | D        | Reached skill level 19 in Unarmed Combat
  1139 | D        | Received a gift from Yredelemnul (a skeletal warrior)
  1145 | D        | Received a gift from Yredelemnul (a ghoul)
  1158 | D        | Noticed a swamp dragon
  1163 | D        | Received a gift from Yredelemnul (a flayed ghost)
  1166 | D        | Killed a shadow wraith
  1168 | D        | Killed a swamp dragon
  1168 | D        | Received a gift from Yredelemnul (a vampire)
  1168 | D        | Received a gift from Yredelemnul (a vampire knight)
  1244 | D        | Noticed a necromancer
  1244 | D        | Noticed an orc knight
  1244 | D        | Noticed an orc knight
  1244 | D        | Noticed an orc knight
  1244 | D        | Noticed an orc knight
  1244 | D        | Noticed an orc knight
  1244 | D        | Noticed an orc knight
  1245 | D        | Noticed an orc warlord
  1245 | D        | Noticed an orc warlord
  1245 | D        | Noticed an orc knight
  1247 | D        | Noticed an orc knight
  1249 | D        | Killed an orc knight
  1251 | D        | Received a gift from Yredelemnul (a vampire knight)
  1253 | D        | Killed a necromancer
  1253 | D        | Killed an orc knight
  1256 | D        | Killed an orc knight
  1258 | D        | Received a gift from Yredelemnul (a bone dragon)
  1259 | D        | Killed an orc knight
  1261 | D        | Killed an orc warlord
  1262 | D        | Received a gift from Yredelemnul (a vampire)
  1262 | D        | Killed an orc warlord
  1263 | D        | Received a gift from Yredelemnul (a flayed ghost)
  1263 | D        | Reached skill level 20 in Unarmed Combat
  1263 | D        | Killed an orc knight
  1264 | D        | Killed an orc knight
  1264 | D        | Killed an orc knight
  1265 | D        | Noticed a vault guard
  1266 | D        | Killed an orc knight
  1266 | D        | Noticed an orc knight
  1267 | D        | Killed a vault guard
  1268 | D        | Received a gift from Yredelemnul (a vampire knight)
  1270 | D        | Killed an orc knight
  1271 | D        | Received a gift from Yredelemnul (a ghoul)
  1271 | D        | Received a gift from Yredelemnul (a ghoul)
  1271 | D        | Received a gift from Yredelemnul (a phantasmal warrior)
  1273 | D        | Noticed an orc knight
  1275 | D        | Noticed an orc knight
  1275 | D        | Killed an orc knight
  1283 | D        | Killed an orc knight
  1288 | D        | Noticed a naga warrior
  1289 | D        | Noticed a naga warrior
  1291 | D        | Noticed a death knight
  1294 | D        | Killed a naga warrior
  1295 | D        | Received a gift from Yredelemnul (a skeletal warrior)
  1295 | D        | Killed a naga warrior
  1298 | D        | Killed a death knight
  1299 | D        | Received a gift from Yredelemnul (a phantasmal warrior)
  1299 | D        | Reached XP level 12. HP: 130/130 MP: 13/18
  1354 | D        | Found the +15 Maxwell's patent armour {-Cast -Tele rElec
                  | Will+ rCorr}
  1394 | D        | Noticed a vault guard
  1397 | D        | Noticed a naga warrior
  1397 | D        | Noticed a vault guard
  1402 | D        | Killed a vault guard
  1405 | D        | Killed a vault guard
  1406 | D        | Received a gift from Yredelemnul (a flayed ghost)
  1406 | D        | Received a gift from Yredelemnul (a vampire knight)
  1414 | D        | Reached skill level 10 in Invocations
  1418 | D        | Noticed an anaconda
  1418 | D        | a tyrant leech changed into an anaconda
  1419 | D        | Noticed a fire dragon
  1419 | D        | an anaconda changed into a fire dragon
  1419 | D        | Noticed a naga warrior
  1420 | D        | Reached skill level 21 in Unarmed Combat
  1423 | D        | Noticed a boulder beetle
  1423 | D        | a fire dragon changed into a boulder beetle
  1425 | D        | Noticed an entropy weaver
  1425 | D        | a boulder beetle changed into an entropy weaver
  1427 | D        | Noticed a satyr
  1427 | D        | an entropy weaver changed into a satyr
  1432 | D        | Noticed an anaconda
  1432 | D        | a satyr changed into an anaconda
  1434 | D        | Received a gift from Yredelemnul (a profane servitor)
  1434 | D        | Killed an anaconda
  1436 | D        | Killed a naga warrior
  1440 | D        | Received a gift from Yredelemnul (a phantasmal warrior)
  1446 | D        | Killed a naga warrior
  1478 | D        | Found the +6 Majin-Bo {vamp, MP+6 Int+6}
  1557 | D        | Noticed a green draconian
  1558 | D        | Noticed a sphinx
  1560 | D        | Noticed a black draconian monk
  1561 | D        | Noticed a purple draconian
  1561 | D        | Noticed a lich
  1563 | D        | Noticed a deep elf sorcerer
  1563 | D        | Killed a green draconian
  1564 | D        | Succumbed to poison (poison gas)

Illustrated notes

Levels and vault maps discovered:
D:        pitsprint [storerooms_1, entrance_room_1, metal_vault_6, armoury_2,
          mini_pit_1, grid_room_1, main_hall_1, silver_pit, the_coven_3,
          the_vestibule_1, steel_vault_4, golden_pit, hallway_of_sentries,
          crystal_vault_4, iron_vault_1, final_vault]

Skill      XL: |  1  2  3  4  5  6  7  8  9 10 11 12 |
---------------+-------------------------------------+-----
Fighting       | 3 5 6 7 8 9 10 11 | 11.5
Dodging        | 3 5 6 7 8 9 10 11 12 | 12.3
Unarmed Combat | 4 6 7 9 10 12 14 16 18 20 21 | 21.4
Invocations    | 1 3 4 6 9 10 | 10.8
Stealth        | |  1.0

Action                   |  1- 3 |  4- 6 |  7- 9 | 10-12 || total
-------------------------+-------+-------+-------+-------++-------
Melee: Unarmed           |    10 |    55 |    59 |    29 ||   153
       Punch             |       |     1 |     1 |     5 ||     7
Invok: Animate Dead      |       |     1 |     6 |     5 ||    12
       Recall Undead Sla |       |       |       |     1 ||     1
       Enslave Soul      |       |       |       |     1 ||     1
  Use: Potion            |       |       |     6 |       ||     6
       Scroll            |       |       |       |     2 ||     2
 Stab: Sleeping          |     1 |       |       |       ||     1
Armor: Robe              |     2 |     7 |    13 |     4 ||    26
Dodge: Dodged            |     3 |    26 |    48 |    39 ||   116
